 Dungeon Crawl Stone Soup version 0.24.1-11-gbbbb2193e6 (webtiles) character file.

Game seed: 18127673090096626323, levelgen mode: deterministic

462 Gwenloh the Grasshopper (level 7, 0/46 HPs)
             Began as a Halfling Warper on May 12, 2020.
             Killed from afar by an orc wizard (11 damage)
             ... with a puff of flame
             ... on level 3 of the Dungeon.
             The game lasted 00:33:58 (7092 turns).

Gwenloh the Grasshopper (Halfling Warper)           Turns: 7092, Time: 00:33:58

Health: 0/46       AC:  4    Str: 12    XL:     7   Next: 28%
Magic:  9/9        EV: 14    Int: 13    God:
Gold:   232        SH:  0    Dex: 14    Spells: 2/9 levels left

rFire    . . .     SeeInvis .   a - +0 short sword (venom)
rCold    . . .     Gourm    .   (shield restricted)
rNeg     . . .     Faith    .   j - +0 leather armour
rPois    .         Spirit   .   (no helmet)
rElec    .         Reflect  .   (no cloak)
rCorr    .         Harm     .   (no gloves)
MR       .....                  s - +0 pair of boots
Stlth    +.........             t - amulet of magic regeneration
HPRegen  0.15/turn              (no ring)
MPRegen  0.36/turn              (no ring)

@: heavily drained
A: small, mutation resistance 1
a: no special abilities


You were on level 3 of the Dungeon.
You were hungry.

You visited 1 branch of the dungeon, and saw 5 of its levels.

You collected 232 gold pieces.

Inventory:

Hand Weapons
 a - a +0 short sword of venom (weapon)
 b - a +0 hunting sling
 h - a +4 falchion
 l - a +0 short sword
 m - a +0 rapier
Missiles
 c - 167 stones
 e - 5 boomerangs of dispersal
 k - 51 sling bullets
 C - 2 boomerangs (quivered)
Armour
 j - a +0 leather armour (worn)
 s - a +0 pair of boots (worn)
 z - a +0 pair of gloves
Jewellery
 t - an amulet of magic regeneration (around neck)
Wands
 w - a wand of disintegration (7)
Scrolls
 d - a scroll of blinking
 n - 3 scrolls of amnesia
 p - 2 scrolls of immolation
 u - a scroll of fear {unknown}
 y - 3 scrolls of teleportation
 B - a scroll of remove curse {unknown}
 E - a scroll of fog {unknown}
Potions
 f - a potion of berserk rage {unknown}
 g - 2 potions of curing {unknown}
 q - a potion of lignification {unknown}
 r - a potion of agility
 v - a potion of ambrosia {unknown}
 x - a potion of heal wounds {unknown}
 A - a potion of magic {unknown}
Comestibles
 o - 3 rations
 D - 2 chunks of flesh


   Skills:
 + Level 3.0(1.7) Fighting
 - Level 3.1(1.8) Short Blades
 * Level 5.0(3.8) Slings
 - Level 1.0(1.1) Throwing
 - Level 1.1(0.0) Armour
 + Level 3.5(2.2) Dodging
 - Level 1.5(0.3) Spellcasting
 + Level 2.3(1.1) Charms
 * Level 5.2(3.8) Translocations


You had 2 spell levels left.
You knew the following spells:

 Your Spells              Type           Power        Failure   Level  Hunger
a - Blink                 Tloc           N/A          12%         2    ###....
b - Shroud of Golubria    Chrm/Tloc      #.....       22%         2    ###....
c - Gell's Gravitas       Tloc           ##........   24%         3    ####...

Your spell library contained the following spells:

 Spells                   Type           Power        Failure   Level  Hunger
 Lesser Beckoning         Tloc           ##........   24%         3    ####...
 Teleport Other           Tloc           ##......     24%         3    ####...
 Passage of Golubria      Tloc           N/A          61%         4    #####..


Dungeon Overview and Level Annotations

Branches:
Dungeon (5/15)
 Temple: D:4-7

Altars:
Dithmenos
Uskayaw


Innate Abilities, Weirdness & Mutations

You are small and have problems with some larger weapons.
You are somewhat resistant to further mutation.


Message History

Something hits you but does no damage. Something hits you but does no damage.
A magic dart appears from out of thin air!
The magic dart hits you.
There is a stone staircase leading up here.
You hit something. Something hits you.
You miss something. Something barely misses you. Something hits you.
* * * LOW HITPOINT WARNING * * *
You climb upwards.
Reactivating autopickup.
There is a stone staircase leading down here.
A magic dart appears from out of thin air!
Deactivating autopickup; reactivate with Ctrl-A.
The magic dart hits you.
* * * LOW HITPOINT WARNING * * *
You hear some strange, mumbled words.
A puff of flame appears from out of thin air!
The puff of flame hits you!
You die...

.##.........# #########....
.##.........#########.........#..
......................##.........
..########.#####............).#..
..# #..###.................. ..#
#...##..................
..########.#.##................##
.............................).#
..########.#....@{...>......>..##
......####..#.#..................
..............##..............#..
..##.....#............##.....##..
#.##..#.###.##....[####.......#..
#...).#.# #.......####...####....
##......#####............#((#....
##..................#.._.#..#.#..
...............##........#..#.#..


There were no monsters in sight!

Vanquished Creatures
  5 wights
  Ijyb (D:3)
  A worker ant (D:4)
  5 gnolls
  7 adders
  5 worms
  3 dart slugs
  6 orcs
  2 ball pythons (D:3)
  4 giant cockroaches
  7 goblins
  12 hobgoblins
  A quokka (D:2)
  7 bats
  3 frilled lizards
  9 kobolds
  9 rats
87 creatures vanquished.

Notes
Turn   | Place    | Note
-------+----------+-------------------------------------------
     0 | D:1      | Gwenloh the Halfling Warper began the quest for the Orb.
     0 | D:1      | Reached XP level 1. HP: 14/14 MP: 3/3
   609 | D:1      | Reached XP level 2. HP: 19/19 MP: 4/4
   625 | D:1      | Learned a level 2 spell: Blink
   628 | D:1      | Learned a level 2 spell: Shroud of Golubria
  1177 | D:1      | Reached XP level 3. HP: 22/24 MP: 5/5
  1544 | D:1      | Reached skill level 1 in Slings
  2382 | D:2      | Reached XP level 4. HP: 23/29 MP: 6/6
  2855 | D:2      | Reached skill level 1 in Charms
  3282 | D:2      | Reached XP level 5. HP: 35/35 MP: 7/7
  3331 | D:2      | Learned a level 3 spell: Gell's Gravitas
  4032 | D:3      | Reached XP level 6. HP: 41/41 MP: 6/8
  4254 | D:3      | Found a hide-covered altar of Uskayaw.
  4301 | D:3      | Noticed a +0 dagger
  4303 | D:3      | Noticed a -1 dagger
  4448 | D:3      | Noticed Ijyb
  5262 | D:3      | Killed Ijyb
  5262 | D:3      | Reached skill level 5 in Translocations
  5262 | D:3      | Reached XP level 7. HP: 40/45 MP: 9/9
  5449 | D:3      | Found a shadowy altar of Dithmenos.
  5584 | D:4      | Noticed a hungry ghost
  5852 | D:5      | Entered Level 5 of the Dungeon
  6984 | D:4      | Reached skill level 5 in Slings
  7092 | D:3      | Killed from afar by an orc wizard

Levels and vault maps discovered:
D:1:      lemuel_arrival_behind_the_door_small, layout_basic
D:2:      layout_basic, patterned_corridor
D:3:      layout_rooms, lemuel_round_altar, dancing_weapons_uskayaw, uniq_ijyb
D:4:      layout_basic, grunt_gozag_breadcrumbs, uniq_edmund, uniq_menkaure
D:5:      layout_gridville, lemuel_crystal_altar, first_ration, basic_altar,
          kennysheep_cross_bottleneck, kennysheep_doodads

Skill      XL: |  1  2  3  4  5  6  7 |
---------------+----------------------+-----
Fighting       | 2 3 |  3.0
Short Blades   | 3 |  3.1
Slings         | 1 2 3 4 5 |  5.0
Charms         | 1 2 |  2.3
Translocations | 4 5 |  5.2
Dodging        | 3 |  3.5
Throwing       | |  1.0
Armour         | |  1.1
Spellcasting   | |  1.5

Action                   |  1- 3 |  4- 6 |  7- 9 || total
-------------------------+-------+-------+-------++-------
Melee: Short sword       |    88 |    66 |    28 ||   182
       Rapier            |    11 |    34 |       ||    45
       Hunting sling     |       |       |     1 ||     1
 Fire: Hunting sling     |    41 |   173 |    50 ||   264
Throw: Stone             |    41 |       |       ||    41
       Boomerang         |       |       |     1 ||     1
 Cast: Shroud of Golubri |     8 |    14 |     2 ||    24
       Blink             |       |     1 |     9 ||    10
  Use: Scroll            |       |       |     4 ||     4
  Eat: Chunk             |     4 |     5 |     2 ||    11
       Ration            |       |     2 |     2 ||     4
Armor: Leather armour    |    17 |    22 |    10 ||    49
Dodge: Dodged            |    59 |    83 |    34 ||   176
